 Dungeon Crawl Stone Soup version 0.28.0-53-g5a82cb258f (webtiles) character file.

Game seed: 15841185106441994393

184325 unlimited1921 the Eclecticist (level 18, -19/116 HPs)
             Began as a Djinni Fire Elementalist on June 15, 2022.
             Was an Elder of Ashenzari.
             Killed from afar by a deep elf sorcerer (36 damage)
             ... with damnation
             ... on level 3 of the Elven Halls on June 16, 2022.
             The game lasted 05:48:16 (39046 turns).

unlimited1921 the Eclecticist (DjFE)               Turns: 39046, Time: 05:48:17

Health: -19/116    AC: 23    Str:  7    XL:     18   Next: 65%
Gold:   469        EV: 22    Int: 34    God:    Ashenzari [****..] SH:  0 Dex: 15

rFire   + + .      SeeInvis +   b - +2 quarterstaff "Bojyib" {vorpal, rElec Will+ Int+4}
rCold   x . .      Faith    .   (shield currently unavailable)
rNeg    . . .      Spirit   .   N - +3 chain mail "I Knew You'd Do That" {Contam Harm Regen+ Stlth+, Cun, Range} (curse)
rPois   ∞          Reflect  .   c - +2 helmet "Manifest Stickiness" {Evo, Cun} (curse)
rElec   +          Harm     +   i - scarf "Behold Eternity" {harm, Evo, Cun} (curse)
rCorr   .          Rampage  .   e - +2 pair of gloves "Share My Vision" {Cun, Fort} (curse)
Will    ++...      Clarity  +   (boots unavailable)
Stlth   ++........              X - amulet of the acrobat
HPRegen 1.09/turn               a - ring of Ashenzari's Stickiness {Wiz, Self, Evo} (curse)
MPRegen 0.00/turn               Z - ring of Ashenzari's Boredom {Int+6, Fort, Self} (curse)

@: acrobatic, flying, very slightly contaminated, unable to read
A: sickness immunity, fire resistance 2, cold vulnerability 1, float, innate
caster, HP casting, extra vitality 1, sense surroundings 1, inability to read
while threatened, noise suppression
}: 1/15 runes: serpentine
a: Renounce Religion, Curse Item, Shatter the Chains


You were on level 3 of the Elven Halls.
You worshipped Ashenzari.
Ashenzari was greatly pleased with you.
You visited 5 branches of the dungeon, and saw 23 of its levels.
You visited the Abyss 1 time.
You also visited: Ossuary.

You collected 2434 gold pieces.
You spent 1965 gold pieces at shops.

Inventory:

Hand Weapons
 b - the +2 quarterstaff "Bojyib" (weapon) {vorpal, rElec Will+ Int+4}
   (You bought it in a shop on level 2 of the Snake Pit)

   It inflicts extra damage upon your enemies.
   Int:       It affects your intelligence (+4).
   rElec:     It insulates you from electricity.
   Will:      It increases your willpower.
 k - a +7 trident of venom
 n - a +4 hand axe of freezing
 w - the +8 mithril axe "Arga" {speed, Will+}
   (You found it on level 1 of the Snake Pit)

   Attacks with this weapon are significantly faster.
   Will:      It increases your willpower.
 Q - a +5 flail of holy wrath
Missiles
 J - 14 curare-tipped darts
 P - 2 throwing nets
 S - 3 silver boomerangs (quivered)
 Y - 6 atropa-tipped darts
Armour
 c - the cursed +2 helmet "Manifest Stickiness" (worn) {Evo, Cun}
   (You found it on level 5 of the Dungeon)

   It has a curse which improves the following skills: Evocations: Evocations.
   Cunning:   Dodging and Stealth.
 d - a +0 tower shield
 e - the cursed +2 pair of gloves "Share My Vision" (worn) {Cun, Fort}
   (You found it on level 5 of the Dungeon)

   It has a curse which improves the following skills: Cunning: Dodging and
   Stealth.
   Fortitude: Armour and Shields.
 i - the cursed scarf "Behold Eternity" (worn) {harm, Evo, Cun}
   (You found it on level 5 of the Dungeon)

   It has a curse which improves the following skills: Evocations: Evocations.
   Cunning:   Dodging and Stealth.
 m - a +2 kite shield of protection
 q - a +0 cloak
 G - a +2 robe of the Archmagi
 I - the +2 hat of the Bear Spirit {Spirit, *Rage Will++}
   (You found it on level 2 of the Lair of Beasts)

   Going berserk makes the wearer tougher, and they're slowed less afterward.
   *Rage:     It berserks you when you make melee attacks (+20% chance).
   Will:      It greatly increases your willpower.
 N - the cursed +3 chain mail "I Knew You'd Do That" (worn) {Contam Harm Regen+ Stlth+, Cun, Range}
   (You bought it in a shop on level 2 of the Orcish Mines)

   Contam:    It causes magical contamination when unequipped.
   Regen:     It increases your rate of health regeneration.
   Harm:      It increases damage dealt and taken.
   Stlth:     It makes you more stealthy.
   It has a curse which improves the following skills: Cunning: Dodging and
   Stealth.
   Ranged Combat: Slings, Bows, Crossbows and Throwing.
 W - +0 acid dragon scales
Jewellery
 a - the cursed ring of Ashenzari's Stickiness (left hand) {Wiz, Self, Evo}
   (You bought it in a shop on level 6 of the Dungeon)

   [ring of wizardry]

   It improves your spell success rate.
   It has a curse which improves the following skills: Introspection: Fighting
   and Spellcasting.
   Evocations: Evocations.
 H - an amulet of regeneration
 V - a ring of resist corrosion
 X - an amulet of the acrobat (around neck)
 Z - the cursed ring of Ashenzari's Boredom (right hand) {Int+6, Fort, Self}
   (You found it on level 11 of the Dungeon)

   [ring of intelligence]

   Int:       It affects your intelligence (+6).
   It has a curse which improves the following skills: Fortitude: Armour and
   Shields.
   Introspection: Fighting and Spellcasting.
Wands
 t - a wand of acid (25)
 u - a wand of mindburst (34)
 F - a wand of paralysis (6)
 L - a wand of iceblast (28)
Scrolls
 g - 3 scrolls of silence
 h - 4 scrolls of enchant weapon
 j - 5 scrolls of fog
 l - 10 scrolls of teleportation
 v - a scroll of summoning
 x - 4 scrolls of magic mapping
 y - 2 scrolls of brand weapon
 A - 2 scrolls of holy word
 B - 3 scrolls of immolation
 C - 2 scrolls of blinking
 D - 5 scrolls of fear
Potions
 f - 4 potions of lignification
 p - 2 potions of brilliance
 r - a potion of haste
 z - 3 potions of ambrosia
 E - 3 potions of curing
 K - 3 potions of might
 O - 3 potions of berserk rage
 R - a potion of cancellation
 T - a potion of resistance
 U - a potion of invisibility
Miscellaneous
 s - a phial of floods
 M - a lightning rod (4/4)


   Skills:
 + Level 3.7(6.4) Fighting
 + Level 1.5 Long Blades
 - Level 1.2 Axes
 - Level 3.2 Staves
 + Level 5.1(7.1) Throwing
 + Level 12.2(15.1) Armour
 * Level 7.5(12.2) Dodging
 + Level 5.0(9.5) Stealth
 - Level 3.1(5.6) Shields
 * Level 20.0(22.7) Spellcasting
 * Level 7.9(11.8) Evocations


You had 18 spell levels left.
You knew the following spells:

 Your Spells              Type           Power      Damage    Failure   Level
a - Foxfire               Conj/Fire      100%       2x1d9     0%          1
b - Scorch                Fire           100%       2d10      0%          2
c - Conjure Flame         Conj/Fire      100%       6-21      0%          3
d - Inner Flame           Hex/Fire       100%       N/A       0%          3
e - Flame Wave            Conj/Fire      100%       2d17      1%          4
f - Shock                 Conj/Air       100%       1d9       0%          1
g - Corpse Rot            Necr/Air       100%       N/A       0%          2
h - Mephitic Cloud        Conj/Pois/Air  100%       N/A       0%          3
i - Summon Guardian Gole  Hex/Summ       100%       N/A       0%          3
j - Metabolic Englaciati  Hex/Ice        57%        N/A       1%          5
k - Irradiate             Conj/Tmut      57%        3d32      1%          5
l - Conjure Ball Lightni  Conj/Air       57%        3x3d21    1%          6
m - Dispersal             Tloc           57%        N/A       1%          6
Your spell library was empty.

Dungeon Overview and Level Annotations

Branches:
Dungeon (12/15)            Temple (0/1) D:6            Lair (2/6) D:9
  Snake (4/4) Lair:2          Orc (2/2) D:9             Elf (3/3) Orc:2
Ossuary (visited)
  Swamp: Lair:2-4    Shoals: Lair:2-4

Altars:
Ashenzari
Cheibriados
Fedhas
Hepliaklqana
Kikubaaqudgha
Makhleb
Ru
Sif Muna
Uskayaw
Vehumet
Wu Jian
The Shining One
Beogh

Shops:
D:6 =   D:8 ?   D:9 [[=   D:10 ((   Orc:2 *(=[   Elf:2 [   Snake:1 ![
Snake:2 [*(

Portals:
Abyss: Lair:2


Innate Abilities, Weirdness & Mutations

You are immune to sickness and miasma.
You are immune to poison.
Your flesh is very heat resistant. (rF++)
You are vulnerable to cold. (rC-)
You float through the air rather than walking.
You learn spells naturally, not from books.
Your magical power is your life essence.
You have superior vitality. (+4 MHP)
You passively map a small area around you.
You sometimes lose the ability to read scrolls when taking damage.
You passively dampen the noise of your surroundings.


Message History

The blast of lightning engulfs your ball lightning.
Your ball lightning completely resists.
Your ball lightning explodes!
The blast of lightning engulfs the deep elf master archer!!
You kill the deep elf master archer!
A deep elf sorcerer comes into view.
It is wielding a +0 short sword and wearing a +2 leather armour of cold resistance.
The deep elf archer unwields a +2 short sword of venom.
It stops dripping with poison.
The deep elf archer wields a +0 longbow.
The deep elf archer shoots an arrow.
The arrow closely misses you.
The deep elf archer shoots an arrow.
The arrow misses you.
The deep elf archer shoots an arrow.
The arrow hits you but does no damage.
Casting: Conjure Ball Lightning (mildly dangerous; 1% risk of failure)
Confirm with . or Enter, or press ? or * to list all spells.
You erupt in a fountain of uncontrolled magic!
The deep elf annihilator is blasted with magical radiation!!!
The deep elf annihilator is almost dead.
The deep elf annihilator twists and deforms.
You are very lightly contaminated with residual magic.
The deep elf annihilator casts a spell at you.
The crystal spear hits you!!!
You feel threatened and lose the ability to read scrolls!
* * * LOW HITPOINT WARNING * * *
Casting: Irradiate (safe; 1% risk of failure)
Confirm with . or Enter, or press ? or * to list all spells.
You erupt in a fountain of uncontrolled magic!
The deep elf annihilator is blasted with magical radiation!!!
You kill the deep elf annihilator!
* * * LOW HITPOINT WARNING * * *
Press: ? - help, v - describe, . - travel The floor.
The deep elf archer shoots an arrow.
The arrow barely misses you.
You can read scrolls again.
You see here 11 gold pieces.
The deep elf archer shoots an arrow.
The arrow hits you!
You feel threatened and lose the ability to read scrolls!
* * * LOW HITPOINT WARNING * * *
The deep elf sorcerer points at you and mumbles some strange words.
The sphere of damnation explodes!
The damnation engulfs you!!
You die...

##....##.#######)[)##
##..e#.#### ###.[.##
##..#e#### *#.#).##
##)#.#.#### #.##...##
##........##.###....##
##..........###......##
#.......$..###.<.....^#
#.#.######..##...........
,,
*#.##.#####.##@##.......###
,...,##.* #.####.##.....##
, ,..., , .,...
####......... , , .. ,,
....,, ####.##### * , , , ,
*.... , * *## * *****
**###* *


You could see a deep elf sorcerer and a deep elf archer (repels missiles).

Vanquished Creatures
  A dread lich (Abyss:2)
  Vashnia (Snake:4)
  Jorgrun (Elf:1)
  A lich (Abyss:2)
  Asterion (Snake:3)
  A deep elf master archer (Elf:3)
  2 deep elf blademasters
  A tentacled starspawn (Abyss:2)
  5 nagarajas
  Louise (Elf:2)
  A deep elf elementalist (Elf:3)
  A deep elf sorcerer (Elf:3)
  An orc warlord (Orc:2)
  2 deep elf demonologists (Elf:3)
  5 deep elf annihilators (Elf:3)
  The ghost of PyroL the Severer, a journeyman MiBe of Trog (Lair:2)
  A deep elf death mage (Elf:3)
  Josephine (Snake:1)
  4 deep elf high priests
  2 hydras
  A salamander tyrant (Snake:2)
  14 naga warriors
  The ghost of kingofstarryskies the Spear-Bearer, a journeyman DrBe of Trog (Orc:2)
  A centaur warrior (D:10)
  5 two-headed ogres
  23 dancing weapons
  10 anacondas
  The ghost of pkoi the Prestidigitator, a novice DgAr (Lair:1)
  A hell hog (Lair:2)
  6 naga sharpshooters
  A thrashing horror (Abyss:2)
  7 orc high priests
  5 shock serpents
  Nergalle (Lair:1)
  21 deep elf knights
  A wretched star (Abyss:2)
  5 salamander mystics
  6 sea snakes
  5 deep elf archers
  3 naga ritualists
  9 mana vipers
  19 deep elf pyromancers
  24 deep elf zephyrmancers
  2 orc knights
  An oklob plant (Orc:1)
  An ugly thing (Lair:2)
  7 orc sorcerers
  3 cyclopes
  A will-o-the-wisp (Abyss:2)
  A worldbinder (Abyss:2)
  9 salamanders
  24 black mambas
  8 guardian serpents
  A rust devil (Lair:2)
  A centaur zombie (D:11)
  17 naga magi
  3 cane toads
  An unseen horror (D:11)
  An unseen horror (shapeshifter) (Snake:1)
  6 komodo dragons
  An ancient zyme (Lair:2)
  A queen bee (Lair:1)
  5 trolls
  A meliai (Lair:1)
  2 hornets (Lair:1)
  A polar bear (Lair:2)
  11 blink frogs
  5 raiju (Abyss:2)
  2 air elementals (Elf:3)
  3 shadows
  43 yaks
  A spriggan (Lair:2)
  A wyvern (Lair:2)
  4 water elementals
  7 wraiths
  4 fire bats (Lair:1)
  5 large abominations
  2 neqoxecs (Abyss:2)
  Grum (D:11)
  3 fire elementals
  5 vampire mosquitoes
  4 wargs
  31 nagas
  2 acid dragons
  6 water moccasins
  25 orc warriors
  An ice beast (D:6)
  2 sky beasts (D:6)
  2 necrophages
  6 wolves
  2 centaurs
  10 ogres
  3 boggarts (D:9)
  A phantom (D:5)
  4 kobold brigands
  9 bullfrogs
  An earth elemental (Elf:2)
  A wyvern zombie (D:7)
  3 scorpions
  8 wights (D:9)
  19 killer bees
  3 electric eels
  4 howler monkeys
  A hound (D:4)
  3 jellies
  A small abomination (Abyss:2)
  A bullfrog zombie (D:5)
  Crazy Yiuf (D:3)
  An iron imp (Abyss:2)
  6 orc priests
  An iguana (D:6)
  Terence (D:3)
  12 orc wizards
  6 hell rats (Lair:1)
  A killer bee zombie (D:4)
  A centaur simulacrum (D:9)
  A hound skeleton (D:4)
  4 mummies (Ossuary)
  4 gnolls
  7 adders
  17 river rats (Lair:1)
  7 white imps
  2 howler monkey simulacra (D:9)
  An ufetubus (D:9)
  2 worms
  A dart slug (D:3)
  59 orcs
  5 ball pythons
  2 bats
  3 endoplasms
  A giant cockroach (D:2)
  5 hobgoblins
  9 quokkas
  6 frilled lizards
  7 goblins
  A goblin zombie (Ossuary)
  3 hobgoblin zombies (Ossuary)
  4 jackal zombies (Ossuary)
  21 kobolds
  3 orc zombies (Ossuary)
  16 rats
  A rat zombie (Ossuary)
  2 bushes (D:7)
  11 foxfires
787 creatures vanquished.

Vanquished Creatures (collateral kills)
  Nikola (Snake:1)
  A naga (Snake:1)
  19 ball lightnings
  6 foxfires (Orc:2)
27 creatures vanquished.

Vanquished Creatures (others)
  Harold (D:7)
  An acid dragon (D:10)
  An orc wizard (Orc:2)
  253 ball lightnings
  1127 foxfires
  57 fungi
  23 plants
  6 starspawn tentacles (Abyss:2)
  9 withered plants
1478 creatures vanquished.

Grand Total: 2292 creatures vanquished

Notes
Turn   | Place    | Note
-------+----------+-------------------------------------------
     0 | D:1      | unlimited1921 the Djinni Fire Elementalist began the quest
                  | for the Orb.
     0 | D:1      | Reached XP level 1. HP: 15/15 MP: 0/0
   849 | D:1      | Reached XP level 2. HP: 18/21 MP: 0/0
  2119 | D:1      | Found a faded altar of an unknown god.
  2215 | D:2      | Reached skill level 3 in Spellcasting
  2243 | D:2      | Reached XP level 3. HP: 21/25 MP: 0/0
  2243 | D:2      | Learned a level 1 spell: Shock
  2539 | D:2      | Reached XP level 4. HP: 16/31 MP: 0/0
  2878 | D:2      | Reached skill level 1 in Fighting
  3580 | D:3      | Noticed an ogre
  3584 | D:3      | Killed an ogre
  3585 | D:3      | Reached skill level 4 in Spellcasting
  3585 | D:3      | Reached XP level 5. HP: 21/37 MP: 0/0
  3585 | D:3      | Learned a level 2 spell: Corpse Rot
  3977 | D:3      | Reached skill level 1 in Long Blades
  3977 | D:3      | Reached XP level 6. HP: 30/42 MP: 0/0
  4134 | D:3      | Found a runed translucent door.
  4135 | D:3      | Noticed Crazy Yiuf
  4228 | D:3      | Killed Crazy Yiuf
  4480 | D:3      | Found an ornate altar of the Wu Jian Council.
  4489 | D:3      | Noticed Terence
  4506 | D:3      | Killed Terence
  5541 | D:4      | Noticed a necrophage
  5544 | D:4      | Killed a necrophage
  5545 | D:4      | Reached skill level 5 in Spellcasting
  5545 | D:4      | Reached XP level 7. HP: 41/47 MP: 0/0
  5545 | D:4      | Learned a level 3 spell: Mephitic Cloud
  6454 | D:5      | Entered Level 5 of the Dungeon
  6578 | D:5      | Found a sand-covered staircase.
  6587 | Ossuary  | Entered an ossuary
  7009 | D:5      | Reached skill level 6 in Spellcasting
  7009 | D:5      | Reached XP level 8. HP: 38/52 MP: 0/0
  7171 | D:5      | Found a broken altar of Ashenzari.
  7340 | D:5      | Became a worshipper of Ashenzari the Shackled
  8238 | D:6      | Found a glowing golden altar of the Shining One.
  8283 | D:6      | Found a staircase to the Ecumenical Temple.
  8354 | D:6      | Reached skill level 7 in Spellcasting
  8680 | D:6      | Reached XP level 9. HP: 44/57 MP: 0/0
  8680 | D:6      | Learned a level 3 spell: Summon Guardian Golem
  8771 | D:6      | Reached skill level 8 in Spellcasting
  8947 | D:6      | Noticed a cyclops
  8953 | D:6      | Killed a cyclops
  9428 | D:6      | Found Cusay's Jewellery Shop.
  9435 | D:6      | Bought a ring of wizardry for 450 gold pieces
  9487 | D:6      | Reached skill level 9 in Spellcasting
 10053 | D:7      | Reached skill level 1 in Armour
 10359 | D:7      | Found a sacrificial altar of Ru.
 10448 | D:7      | Reached XP level 10. HP: 27/63 MP: 0/0
 11222 | D:7      | Noticed Harold
 11236 | D:7      | Killed Harold
 11237 | D:7      | Reached skill level 10 in Spellcasting
 12041 | D:8      | Found a hide-covered altar of Uskayaw.
 12128 | D:8      | Found Qoag's Magic Scroll Boutique.
 12345 | D:8      | Reached * piety under Ashenzari
 12348 | D:8      | Gained mutation: You are somewhat resistant to further
                  | mutation. [potion of mutation]
 12348 | D:8      | Gained mutation: You are clumsy. (Dex -2) [potion of
                  | mutation]
 12349 | D:8      | Lost mutation: You are clumsy. (Dex -2) [potion of
                  | mutation]
 12349 | D:8      | Lost mutation: You are somewhat resistant to further
                  | mutation. [potion of mutation]
 12349 | D:8      | Gained mutation: You are occasionally teleported next to
                  | monsters. [potion of mutation]
 12349 | D:8      | Gained mutation: Potions are less effective at restoring
                  | your health. [potion of mutation]
 12349 | D:8      | Gained mutation: Your muscles are strong. (Str +2) [potion
                  | of mutation]
 12645 | D:8      | Found a hazy altar of Hepliaklqana.
 13306 | D:9      | Found Widetink's Antique Armour Emporium.
 13371 | D:9      | Reached skill level 5 in Armour
 13371 | D:9      | Reached XP level 11. HP: 57/68 MP: 0/0
 13371 | D:9      | Learned a level 5 spell: Metabolic Englaciation
 13381 | D:9      | Reached skill level 1 in Staves
 13381 | D:9      | Reached skill level 11 in Spellcasting
 13529 | D:9      | Found Vorcheps's Antique Armour Shoppe.
 14263 | D:9      | Noticed a two-headed ogre
 14289 | D:9      | Killed a two-headed ogre
 14682 | D:9      | Found Riladw Pown's Jewellery Shop.
 14776 | D:9      | Found a staircase to the Lair.
 14777 | D:9      | Found a staircase to the Orcish Mines.
 14848 | D:9      | Noticed a two-headed ogre
 14856 | D:9      | Killed a two-headed ogre
 14918 | D:10     | Entered Level 10 of the Dungeon
 14918 | D:10     | Identified Qofoh's Disquisition on Floating Execration
 14953 | D:10     | Found a burning altar of Makhleb.
 15805 | D:10     | Found Funk's Weapon Shoppe.
 15823 | D:10     | Noticed a two-headed ogre
 15826 | D:10     | Noticed a centaur warrior
 15998 | D:10     | HP: 1/69 [two-headed ogre/+0 giant spiked club (15)]
 16002 | D:10     | You are sucked into a shaft and drop 2 floors!
 16222 | D:12     | Lost mutation: Your muscles are strong. (Str +2) [potion of
                  | mutation]
 16222 | D:12     | Lost mutation: Potions are less effective at restoring your
                  | health. [potion of mutation]
 16222 | D:12     | Lost mutation: You are occasionally teleported next to
                  | monsters. [potion of mutation]
 16222 | D:12     | Gained mutation: You passively map a small area around you.
                  | [potion of mutation]
 16222 | D:12     | Gained mutation: You passively dampen the noise of your
                  | surroundings. [potion of mutation]
 16222 | D:12     | Gained mutation: Your mind is acute. (Int +2) [potion of
                  | mutation]
 16432 | D:12     | Reached skill level 12 in Spellcasting
 16473 | D:12     | Reached XP level 12. HP: 64/76 MP: 0/0
 16659 | D:12     | Noticed a two-headed ogre
 16665 | D:12     | Killed a two-headed ogre
 16741 | D:12     | Reached ** piety under Ashenzari
 17172 | D:11     | Noticed a six-headed hydra
 17177 | D:11     | Killed a six-headed hydra
 17446 | D:11     | Noticed a two-headed ogre
 17455 | D:11     | Killed a two-headed ogre
 17456 | D:11     | Reached skill level 13 in Spellcasting
 17845 | D:11     | Noticed Grum
 17852 | D:11     | Killed Grum
 18609 | D:10     | Found a blossoming altar of Fedhas.
 18854 | D:10     | Killed a centaur warrior
 19299 | D:10     | Found a snail-covered altar of Cheibriados.
 19403 | D:10     | Killed a two-headed ogre
 19474 | D:10     | Reached *** piety under Ashenzari
 19546 | D:10     | Found Uruomp's Weapon Boutique.
 19765 | Orc:1    | Entered Level 1 of the Orcish Mines
 19777 | Orc:1    | Reached XP level 13. HP: 80/83 MP: 0/0
 19777 | Orc:1    | Learned a level 5 spell: Irradiate
 20995 | Orc:2    | Entered Level 2 of the Orcish Mines
 20995 | Orc:2    | Found Beudo's Jewellery Shoppe.
 21006 | Orc:2    | Reached skill level 14 in Spellcasting
 21007 | Orc:2    | Reached skill level 1 in Throwing
 21230 | Orc:2    | Bought an amulet of the acrobat for 360 gold pieces
 21337 | Orc:2    | Paralysed by an orc sorcerer for 5 turns
 21992 | Orc:2    | Noticed an orc warlord
 22000 | Orc:2    | Killed an orc warlord
 22001 | Orc:2    | Reached skill level 15 in Spellcasting
 22707 | Orc:2    | Found Heiqolit's Antique Weapon Emporium.
 22710 | Orc:2    | Found a staircase to the Elven Halls.
 22726 | Orc:2    | Reached **** piety under Ashenzari
 22738 | Orc:2    | Found Ogiclumn's Antique Armour Shop.
 22798 | Orc:2    | Found a runed translucent door.
 22798 | Orc:2    | Noticed kingofstarryskies's ghost (journeyman DrBe)
 22811 | Orc:2    | Found Forehi's General Store.
 22820 | Orc:2    | Bought a scroll of enchant weapon for 75 gold pieces
 22820 | Orc:2    | Bought a wand of iceblast (6) for 100 gold pieces
 22820 | Orc:2    | Bought a scroll of fear for 35 gold pieces
 22820 | Orc:2    | Bought the +3 chain mail "Jainisk" {Contam Harm Regen+
                  | Stlth+} for 237 gold pieces
 23065 | Orc:2    | Killed kingofstarryskies's ghost
 23294 | Elf:1    | Entered Level 1 of the Elven Halls
 23304 | Elf:1    | Reached XP level 14. HP: 86/92 MP: 0/0
 23481 | Elf:1    | Reached ***** piety under Ashenzari
 23881 | Elf:1    | Noticed Jorgrun
 23932 | Elf:1    | Killed Jorgrun
 23933 | Elf:1    | Reached skill level 16 in Spellcasting
 23933 | Elf:1    | Reached skill level 1 in Evocations
 24243 | Lair:1   | Entered Level 1 of the Lair of Beasts
 24243 | Lair:1   | Noticed Nergalle
 24247 | Lair:1   | Killed Nergalle
 24450 | Lair:1   | Noticed pkoi's ghost (novice DgAr)
 24636 | Lair:1   | Found a transporter.
 24640 | Lair:1   | Found a transporter.
 24640 | Lair:1   | Identified the Incunabulum of Frigorific Sinister Secrets
 24712 | Lair:1   | Identified the +4 whip of Ru's Favour {vorpal, Str+5}
 25533 | Lair:1   | Killed pkoi's ghost
 25711 | Lair:2   | Found the +2 hat of the Bear Spirit {Spirit, *Rage Will++}
 25727 | Lair:2   | Found a staircase to the Snake Pit.
 25965 | Lair:2   | Found a transporter.
 25971 | Lair:2   | Identified Lugonu's Disquisition on Translocation
 26070 | Lair:2   | Reached XP level 15. HP: 86/98 MP: 0/0
 26070 | Lair:2   | Learned a level 6 spell: Conjure Ball Lightning
 26115 | Lair:2   | Reached skill level 10 in Armour
 26498 | Lair:2   | Noticed PyroL's ghost (journeyman MiBe)
 26674 | Lair:2   | Found a transporter.
 26674 | Lair:2   | Found a one-way gate to the infinite horrors of the Abyss.
 27036 | Snake:1  | Entered Level 1 of the Snake Pit
 27410 | Snake:1  | Noticed Nikola
 27411 | Snake:1  | HP: 1/98 [Nikola/bolt of lightning (43)]
 27423 | Snake:1  | Killed Nikola
 27565 | Snake:1  | Found Cydydd's Armour Emporium.
 27565 | Snake:1  | Found Xonilut's Distillery.
 27593 | Snake:1  | Reached skill level 17 in Spellcasting
 27594 | Snake:1  | Noticed Josephine
 27599 | Snake:1  | Killed Josephine
 27647 | Snake:1  | Bought a potion of curing for 48 gold pieces
 28379 | Snake:1  | Found the +8 mithril axe "Arga" {speed, Will+}
 28576 | Snake:2  | Reached skill level 1 in Shields
 29171 | Snake:2  | Reached XP level 16. HP: 81/103 MP: 0/0
 29210 | Snake:2  | Reached skill level 5 in Evocations
 29698 | Snake:2  | Found Ovvit's Armour Shop.
 29701 | Snake:2  | Found Noohich's Assorted Antiques.
 29703 | Snake:2  | Found Girev's Weapon Shop.
 29893 | Snake:3  | Noticed Asterion
 29896 | Snake:3  | Killed Asterion
 30063 | Snake:3  | Noticed a nagaraja
 30068 | Snake:3  | Reached skill level 5 in Throwing
 30068 | Snake:3  | Killed a nagaraja
 30217 | Snake:3  | Reached skill level 1 in Axes
 30461 | Snake:3  | HP: 1/103 [something (9)]
 30778 | Snake:2  | Bought the +2 quarterstaff "Bojyib" {vorpal, rElec Will+
                  | Int+4} for 660 gold pieces
 31442 | Snake:4  | Entered Level 4 of the Snake Pit
 31622 | Snake:4  | Reached skill level 18 in Spellcasting
 32377 | Snake:4  | Noticed a nagaraja
 32644 | Snake:4  | Killed a nagaraja
 32811 | Snake:4  | Noticed Vashnia
 32813 | Snake:4  | Killed Vashnia
 32901 | Snake:4  | Reached XP level 17. HP: 106/108 MP: 0/0
 32901 | Snake:4  | Learned a level 6 spell: Dispersal
 32914 | Snake:4  | Reached skill level 5 in Dodging
 33185 | Snake:4  | Reached skill level 5 in Stealth
 33717 | Snake:4  | Got a serpentine rune of Zot
 34213 | Lair:2   | Killed PyroL's ghost
 34216 | Lair:2   | Gained mutation: You are clumsy. (Dex -2) [mutagenic glow]
 35280 | Elf:2    | Reached skill level 19 in Spellcasting
 35432 | Elf:2    | Noticed Louise
 35437 | Elf:2    | Cast into level 2 of the Abyss (Louise)
 35450 | Abyss:2  | Found a corrupted altar of Lugonu.
 35624 | Abyss:2  | Noticed a tentacled starspawn
 35643 | Abyss:2  | Killed a tentacled starspawn
 35776 | Abyss:2  | Noticed a dread lich
 35858 | Abyss:2  | Noticed a Hell Sentinel
 35859 | Abyss:2  | Killed a dread lich
 35879 | Abyss:2  | Gained mutation: You have hidden genetic defects.
                  | [mutagenic glow]
 35937 | Abyss:2  | Lost mutation: You are clumsy. (Dex -2) [mutagenic glow]
 35957 | Abyss:2  | Noticed a lich
 35971 | Abyss:2  | Killed a lich
 35995 | Elf:2    | Escaped the Abyss
 36000 | Elf:2    | Killed Louise
 36219 | Elf:2    | Found Wilugh's Armour Shop.
 36477 | Elf:2    | Found a runed translucent gate.
 36477 | Elf:2    | Found a runed translucent gate.
 36477 | Elf:2    | Found a runed translucent gate.
 36574 | Elf:2    | Noticed a deep elf blademaster
 36577 | Elf:2    | Killed a deep elf blademaster
 36639 | Elf:2    | Gained mutation: You sometimes lose the ability to read
                  | scrolls when taking damage. [hidden defects]
 36764 | Elf:2    | Reached XP level 18. HP: 111/114 MP: 0/0
 37793 | Elf:3    | Entered Level 3 of the Elven Halls
 37849 | Elf:3    | Paralysed by an air elemental for 1 turns
 37869 | Elf:3    | Lost mutation: Your mind is acute. (Int +2) [hidden
                  | defects]
 37869 | Elf:3    | Lost mutation: You have hidden genetic defects. [hidden
                  | defects expressed]
 38986 | Elf:3    | Noticed a deep elf blademaster
 38997 | Elf:3    | Killed a deep elf blademaster
 38998 | Elf:3    | Reached skill level 20 in Spellcasting
 39021 | Elf:3    | Noticed a deep elf master archer
 39027 | Elf:3    | Killed a deep elf master archer
 39046 | Elf:3    | Killed from afar by a deep elf sorcerer

Illustrated notes

Levels and vault maps discovered:
D:1:      dpeg_arrival_three_same_balls, layout_basic,
          shapermc_ecumenical_altar_flowoftime
D:2:      layout_loops_ring
D:3:      layout_rooms, nicolae_wu_jian_wuxing_cycle,
          mainiacjoe_overflow_24_doors, serial_glass, glass_columns_a,
          glass_columns_a, glass_columns_c, glass_columns_c, glass_columns_a,
          glass_columns_a, item_on_display_b, minmay_strange_pillars,
          feat_on_display, chequers_serial_rivers_micro_a, uniq_terence,
          uniq_crazy_yiuf_cottage
D:4:      layout_basic
D:5:      layout_basic, amcnicky_altar_gilded, serial_corexii_hall,
          corexii_hall_statues_deadend, corexii_hall_statues_u,
          chequers_hall_statues_wall_a, corexii_hall_statues_u, enter_ossuary_1,
          hangedman_abyss_or_decor_stabs
D:6:      layout_basic, lemuel_crystal_altar, minmay_temple_entry_grid,
          serial_shops, nicolae_shop_trees, minmay_starry_boxes
D:7:      layout_basic, mainiacjoe_overflow_tiny_flanked, uniq_harold
D:8:      layout_loops_ring, mainiacjoe_overflow_surrounded_room,
          kiku_gazebo_garden_becter, mainiacjoe_overflow_chevrons,
          enter_bailey_2, serial_shops, nicolae_take_the_stairs
D:9:      minmay_spotlight, layout_gridville, lair_entry_dummy, orc_0_dummy,
          serial_ice, serial_ice_n, serial_ice_a, serial_ice_i, serial_ice_m,
          serial_shops, nicolae_shop_behind_doors, nicolae_shop_waterfront, shop
D:10:     layout_long_grid, tgw_sif, fedhas_altar_3, marbit_many_paths,
          nicolae_overflow_crystal_walls, serial_shops, nicolae_shop_waterfront,
          nicolae_shop_bloodbath_and_beyond, kennysheep_pointless_box,
          minivault_21, chequers_garden, minmay_holes, lightli_fourway_metalbox
D:11:     layout_rooms, serial_bayou_crossing, uniq_grum
D:12:     layout_loops_corners, vehumet_crystals
Lair:1:   lemuel_ratsnest, layout_gridlike, gammafunk_ghost_hive,
          infiniplex_staircase_pool, uniq_nergalle
Lair:2:   layout_layer_cave, guppyfry_snake_entry_island,
          gammafunk_ghost_abyssal_escape, st_stairs_10, beast_lair_carwin_6
Snake:1:  minmay_snake_river, layout_cave_shapes, serial_bayou_shore_b,
          minmay_shoptagon, uniq_nikola, uniq_josephine
Snake:2:  layout_gridlike, nicolae_snake_mages_go_home, minmay_shop_star,
          lemuel_fruit_tree
Snake:3:  layout_layer_cave, basic_altar, grunt_megastairs_5, uniq_asterion
Snake:4:  grunt_snake_rune_serpentine_throne, layout_basic, serial_bayou_shore_b
Orc:1:    layout_diamond_mine, basic_altar, mines3_lemuel
Orc:2:    grunt_orc_gardens, layout_caves, grunt_orc_garden, grunt_orc_garden,
          grunt_orc_garden, grunt_orc_garden, hellmonk_ghost_happy_afterlife
Elf:1:    layout_rooms, kennysheep_underground_church, uniq_jorgrun
Elf:2:    elven_hall_of_blades_hangedman_original [nooodl_blade_entry_preview],
          layout_loops_corners, serial_shops, nicolae_shop_behind_doors,
          uniq_louise
Elf:3:    minmay_elf_hall_four_x, layout_rooms, nrook_mini_backslash

Skill      XL: |  1  2  3  4  5  6  7  8  9 10 11 12 13 14 15 16 17 18 |
---------------+-------------------------------------------------------+-----
Spellcasting   | 3 4 5 6 7 9 10 12 13 15 16 17 18 19 20 | 20.0
Fighting       | 1 2 3 |  3.7
Stealth        | 2 3 4 5 |  5.0
Long Blades    | 1 |  1.5
Armour         | 1 5 7 8 9 10 11 12 | 12.2
Staves         | 1 2 3 |  3.2
Dodging        | 3 4 7 |  7.5
Throwing       | 2 3 4 5 |  5.1
Evocations     | 2 4 6 7 |  7.9
Shields        | 1 3 |  3.1
Axes           | 1 |  1.2

Action                   |  1- 3 |  4- 6 |  7- 9 | 10-12 | 13-15 | 16-18 || total
-------------------------+-------+-------+-------+-------+-------+-------++-------
Melee: Falchion          |    30 |       |       |       |       |       ||    30
       Punch             |     2 |       |       |       |       |       ||     2
       Hand axe          |       |     3 |       |       |       |       ||     3
       Quarterstaff      |       |       |       |    76 |   120 |    24 ||   220
       Broad axe         |       |       |       |       |     2 |    28 ||    30
Throw: Dart              |       |       |       |     1 |       |       ||     1
       Boomerang         |       |       |       |       |       |     5 ||     5
 Cast: Foxfire           |    41 |    25 |   131 |   185 |   275 |    38 ||   695
       Shock             |     5 |    23 |    10 |     8 |     8 |       ||    54
       Scorch            |     5 |    26 |    22 |    73 |    67 |    31 ||   224
       Inner Flame       |       |    11 |    34 |    95 |   113 |     9 ||   262
       Corpse Rot        |       |     1 |       |       |     1 |       ||     2
       Mephitic Cloud    |       |       |     8 |    13 |    13 |     3 ||    37
       Summon Guardian G |       |       |     2 |    10 |    10 |    22 ||    44
       Metabolic Englaci |       |       |       |     1 |       |     1 ||     2
       Irradiate         |       |       |       |       |    73 |   121 ||   194
       Conjure Flame     |       |       |       |       |    10 |     1 ||    11
       Conjure Ball Ligh |       |       |       |       |    33 |   111 ||   144
       Dispersal         |       |       |       |       |       |     5 ||     5
Invok: Curse Item        |       |       |       |     4 |     3 |       ||     7
       Shatter the Chain |       |       |       |       |     1 |       ||     1
Evoke: Wand              |       |       |       |       |     5 |       ||     5
       Phial of floods   |       |       |       |       |     2 |       ||     2
  Use: Scroll            |       |       |    12 |     2 |     7 |     1 ||    22
       Potion            |       |       |     1 |     3 |     8 |     9 ||    21
 Stab: Sleeping          |       |       |       |       |     2 |     1 ||     3
       Confused          |       |       |       |       |     3 |       ||     3
Armor: Robe              |     2 |     2 |     3 |       |       |       ||     7
       Scale mail        |       |       |     7 |    89 |    25 |       ||   121
       Chain mail        |       |       |       |       |   105 |    88 ||   193
Dodge: Dodged            |     4 |     2 |    16 |    60 |   138 |   107 ||   327
Block: Kite shield       |       |       |       |       |     6 |    15 ||    21
